 Dungeon Crawl Stone Soup version 0.26-a0-812-g31a745ddcd (webtiles) character file.

Game seed: 11670516581921238012

31203 vishdafish the Fighter (level 13, -4/114 HPs)
             Began as a Demonspawn Berserker on Nov 30, 2020.
             Was a High Priest of Trog.
             Slain by an ice devil (6 damage)
             ... while petrified by you
             ... on level 5 of the Lair of Beasts.
             The game lasted 00:29:05 (21085 turns).

vishdafish the Fighter (Demonspawn Berserker)      Turns: 21085, Time: 00:29:06

Health: -4/114     AC: 17    Str: 21    XL:     13   Next: 24%
Magic:  0/4        EV:  2    Int: 12    God:    Trog [*****.]
Gold:   854        SH:  0    Dex: 16    Spells: 12/12 levels left

rFire    . . .     SeeInvis +   Q - +1 long sword (antimagic)
rCold    . . .     Faith    .   (no shield)
rNeg     + + +     Spirit   +   S - +2 ring mail "Himoed" {MR+ Int+2 Dex+3}
rPois    ∞         Reflect  .   p - +2 helmet
rElec    .         Harm     .   g - +0 cloak
rCorr    .         Rampage  .   U - +0 pair of gloves
MR       ++...                  (no boots)
Stlth    +.........             (no amulet)
HPRegen  0.29/turn              F - ring of protection from magic
MPRegen  0.18/turn              T - ring of see invisible

@: petrified, berserk cooldown, slowed
A: talons 2, rugged brown scales 2, mutation resistance 1, powered by pain 1,
magic shield, magic regeneration
a: Berserk, Trog's Hand, Brothers in Arms, Renounce Religion


You were on level 5 of the Lair of Beasts.
You worshipped Trog.
Trog was extremely pleased with you.
You visited 2 branches of the dungeon, and saw 14 of its levels.
You also visited: Sewer.

You collected 1001 gold pieces.
You spent 147 gold pieces at shops.

Inventory:

Hand Weapons
 a - a +0 falchion
 f - a +0 short sword of venom
 t - the +5 hand crossbow of the Baking Seer {speed, +Blink Str+3}
   (You found it on level 3 of the Dungeon)

   Attacks with this weapon are significantly faster.
   It affects your strength (+3).
   It lets you blink.
 w - a +1 short sword of speed
 B - a +0 scimitar
 Q - a +1 antimagic long sword (weapon)
Armour
 b - a +0 animal skin
 g - a +0 cloak (worn)
 j - a +0 plate armour
 p - a +2 helmet (worn)
 S - the +2 ring mail "Himoed" (worn) {MR+ Int+2 Dex+3}
   (You took it off a big kobold on level 9 of the Dungeon)

   It affects your intelligence (+2).
   It affects your dexterity (+3).
   It affects your resistance to hostile enchantments.
 U - a +0 pair of gloves (worn)
Jewellery
 u - an uncursed ring of protection from fire
 F - a ring of protection from magic (left hand)
 H - a cursed amulet of inaccuracy {unknown}
 L - an uncursed ring of flight {unknown}
 T - a ring of see invisible (right hand)
Wands
 x - a wand of random effects (21)
 I - a wand of iceblast (1)
 M - a wand of flame (2)
 Y - a wand of polymorph (8)
Scrolls
 e - 5 scrolls of remove curse
 h - 9 scrolls of immolation
 i - 7 scrolls of amnesia
 l - a scroll of magic mapping
 m - 4 scrolls of fog {unknown}
 q - 2 scrolls of enchant weapon {unknown}
 r - 6 scrolls of enchant armour {unknown}
 v - 2 scrolls of fear {unknown}
 y - 7 scrolls of teleportation
 E - 3 scrolls of random uselessness {unknown}
 J - 2 scrolls of acquirement {unknown}
 N - a scroll of blinking
 R - 2 scrolls of brand weapon
 V - 2 scrolls of vulnerability {unknown}
Potions
 c - a potion of ambrosia
 d - 2 potions of invisibility
 k - 2 potions of attraction {unknown}
 n - 7 potions of flight
 o - a potion of curing
 z - 6 potions of haste
 A - 2 potions of cancellation
 C - 2 potions of mutation
 D - a potion of resistance
 G - 4 potions of might
 K - 5 potions of heal wounds
 O - a potion of degeneration {unknown}
 W - 2 potions of berserk rage
 X - a potion of lignification
Miscellaneous
 s - a tin of tremorstones (2/2)


   Skills:
 + Level 12.4 Fighting
 + Level 11.5 Long Blades
 - Level 10.4 Armour
 + Level 5.8 Dodging
 + Level 8.1 Evocations


You had 12 spell levels left.
You didn't know any spells.
Your spell library contained the following spells:

 Spells                   Type           Power        Failure   Level
 Sandblast                Erth           #.....       43%         1
 Passwall                 Tmut/Erth      #.......     58%         2
 Stone Arrow              Conj/Erth      #.....       82%         3
 Ice Form                 Ice/Tmut       #.......     99%         4
 Leda's Liquefaction      Hex/Erth       #.........   99%         4
 Petrify                  Tmut/Erth      #.......     99%         4
 Bolt of Magma            Conj/Fire/Erth #.........   100%        5
 Lee's Rapid Deconstruct  Erth           #.........   100%        5
 Metabolic Englaciation   Hex/Ice        #.........   100%        5
 Freezing Cloud           Conj/Ice/Air   #.........   100%        6
 Iron Shot                Conj/Erth      #.........   100%        6
 Ozocubu's Refrigeration  Ice            #.........   100%        6
 Simulacrum               Ice/Necr       #.........   100%        6
 Statue Form              Tmut/Erth      #........    100%        6
 Shatter                  Erth           #.........   100%        9


Dungeon Overview and Level Annotations

Branches:
Dungeon (9/15)             Temple (0/1) D:4            Lair (5/6) D:9
  Swamp (0/4) Lair:4       Shoals (0/4) Lair:2        Slime (0/5) Lair:5
  Sewer (visited)
    Orc: D:9-12

Altars:
Dithmenos
Kikubaaqudgha
Ru
Xom
Yredelemnul
Zin

Shops:
D:7 ?

Portals:
Ice
Cave: Lair:5

Annotations:
D:4 2 transporters, Menkaure


Innate Abilities, Weirdness & Mutations

You have razor-sharp toenails.
You are mostly covered in rugged brown scales. (AC +2, +5% HP)
You sometimes gain a little power by taking damage.
When hurt, damage is shared between your health and your magic reserves.
You regenerate magic rapidly.
You are somewhat resistant to further mutation.


Message History

You are engulfed in calcifying dust.
The ice devil hits you but does no damage.
The bullfrog hits the plant.
The catoblepas gores you.
You are engulfed in calcifying dust.
The bullfrog hits the plant!
The ice devil hits you!
* * * LOW HITPOINT WARNING * * *
The ice devil freezes you!!
* * * LOW HITPOINT WARNING * * *
The catoblepas breathes a plume of calcifying dust at you.
The blast of calcifying dust hits you but does no damage.
The bullfrog hits the plant.
The ice devil hits you but does no damage.
The catoblepas gores you!!
* * * LOW HITPOINT WARNING * * *
The bullfrog hits the plant.
A nearby plant withers and dies.
The ice devil hits you but does no damage.
The catoblepas gores you but does no damage.
The ice devil hits you!
You die...

****,***,,,,,....P###............
,,*,*,,,,,,,,,....P##.#.......#.#
,,,,,,,,,,,,**.^...P.#...........
,,,,,,,,*********#........P......
,,**,,,,*###*** #............#..
,******,*#...,*###.F.##.......#,,
,*** ***#....##.+§..##........*,
,,,* #∩....44#...##....#...,,
,,** #....##@YF.P#......##.,,
,,*******#..,,*###.........##*,,,
,,,*,,*,*#***** #.....#....****,
,,,,,,,,*********#...P.#*,,**≈*,≈
,,,,,,,,**,,,,,,,.......#,,,≈≈≈≈≈
*,,*,*****,,,,,,,.........,,*≈≈≈≈
,,**** *,,,,,,,.#....#.#,,≈≈≈≈≈
,,** **,,,,,,,,,.....*,,≈≈≈≈≈≈
,,,******,,,,*,,,,,,,,,,**,≈≈≈≈≈≈


You could see a catoblepas, 2 ice devils and a bullfrog.

Vanquished Creatures
  Kirke (Lair:4)
  Josephine (Lair:4)
  2 hydras
  A catoblepas (D:9)
  3 death yaks (Lair:3)
  Nergalle (Lair:3)
  A bog body (Lair:4)
  2 oklob plants (Lair:4)
  A cyclops (D:9)
  3 black mambas
  12 elephants
  A torpor snail (Lair:4)
  9 cane toads
  5 komodo dragons
  The ghost of kae the Conjurer, a novice OpCj (D:5)
  Grinder (D:4)
  25 blink frogs
  2 dream sheep (Lair:4)
  4 wraiths (Lair:3)
  4 wyverns
  4 yaks (Lair:2)
  3 basilisks
  A steam dragon (D:9)
  9 water moccasins
  An orc warrior (D:9)
  4 ice beasts
  A phantom (D:7)
  2 sky beasts
  3 black bears
  8 wolves
  2 ogres
  The ghost of bmj180 the Stinger, an amateur DrVM (D:3)
  6 centaurs
  A big kobold (D:9)
  Blork the orc (D:5)
  11 bullfrogs
  A gnoll sergeant (D:8)
  2 scorpions
  A water moccasin skeleton (D:7)
  12 killer bees
  6 howler monkeys
  A quasit (D:8)
  A centaur zombie (D:9)
  A hound (D:7)
  A centaur skeleton (D:6)
  4 orc priests
  2 bullfrog skeletons
  4 jellies
  6 orc wizards
  4 iguanas
  Jessica (D:2)
  Natasha (D:2)
  5 worker ants
  A mummy (D:4)
  A hound skeleton (D:5)
  Robin (D:2)
  A howler monkey zombie (D:6)
  A worker ant zombie (D:9)
  14 adders
  3 gnolls (D:8)
  2 shadow imps
  6 white imps
  2 ufetubi (D:5)
  7 oozes
  4 adder skeletons
  An adder zombie (D:9)
  4 worms
  A dart slug (D:1)
  6 leopard geckos
  47 orcs
  19 bats
  8 giant cockroaches
  15 hobgoblins
  10 jackals
  4 quokkas
  4 ball pythons
  6 frilled lizards
  17 goblins
  2 hobgoblin zombies (D:4)
  10 kobolds
  A kobold zombie (D:4)
  2 leopard gecko skeletons
  An orc zombie (D:4)
  7 rats
399 creatures vanquished.

Vanquished Creatures (others)
  A hydra (Lair:5)
  5 humans (Lair:4)
  31 fungi
  37 plants
74 creatures vanquished.

Grand Total: 473 creatures vanquished

Notes
Turn   | Place    | Note
-------+----------+-------------------------------------------
     0 | D:1      | vishdafish the Demonspawn Berserker began the quest for the
                  | Orb.
     0 | D:1      | Reached XP level 1. HP: 18/18 MP: 1/1
   334 | D:1      | Gained mutation: When hurt, damage is shared between your
                  | health and your magic reserves. [demonic ancestry]
   334 | D:1      | Reached XP level 2. HP: 18/24 MP: 2/2
  1048 | D:2      | Reached XP level 3. HP: 12/29 MP: 3/3
  1054 | D:2      | Reached ** piety under Trog
  1493 | D:2      | Gained mutation: You are partially covered in rugged brown
                  | scales. (AC +1, +3% HP) [demonic ancestry]
  1493 | D:2      | Reached XP level 4. HP: 28/37 MP: 4/4
  1573 | D:2      | Noticed Jessica
  1577 | D:2      | Noticed an ice beast
  1578 | D:2      | Killed Jessica
  1609 | D:2      | Killed an ice beast
  1609 | D:2      | Reached skill level 4 in Fighting
  1609 | D:2      | Reached XP level 5. HP: 10/43 MP: 3/5
  1920 | D:2      | Noticed Robin
  1958 | D:2      | Killed Robin
  2081 | D:2      | Noticed Natasha
  2096 | D:2      | Killed Natasha
  2443 | D:3      | Found a runed translucent door.
  2445 | D:3      | Noticed bmj180's ghost (amateur DrVM)
  2459 | D:3      | Gained mutation: You have sharp toenails. [demonic
                  | ancestry]
  2459 | D:3      | Reached XP level 6. HP: 43/49 MP: 4/6
  2522 | D:3      | Killed bmj180's ghost
  2522 | D:3      | Reached *** piety under Trog
  2530 | D:3      | Got a slimy hand crossbow
  2531 | D:3      | Identified the +5 hand crossbow of the Baking Seer {speed,
                  | +Blink Str+3} (You found it on level 3 of the Dungeon)
  2830 | D:3      | Reached skill level 1 in Evocations
  3298 | D:4      | Noticed Grinder
  3314 | D:3      | Gained mutation: You have razor-sharp toenails. [demonic
                  | ancestry]
  3314 | D:3      | Reached XP level 7. HP: 56/56 MP: 7/7
  3531 | D:4      | Reached skill level 5 in Fighting
  3534 | D:4      | Paralysed by Grinder for 3 turns
  3540 | D:4      | Killed Grinder
  3674 | D:4      | Found an ancient bone altar of Kikubaaqudgha.
  3678 | D:4      | Found a transporter.
  3691 | D:4      | Found a transporter.
  3714 | D:4      | Found a basalt altar of Yredelemnul.
  3718 | D:4      | Noticed Menkaure
  3952 | D:4      | Found a staircase to the Ecumenical Temple.
  4127 | D:4      | Reached skill level 5 in Long Blades
  4199 | D:4      | Reached XP level 8. HP: 63/64 MP: 6/8
  4265 | D:5      | Entered Level 5 of the Dungeon
  4280 | D:5      | Found a glowing drain.
  4299 | Sewer    | Entered a sewer
  4304 | Sewer    | Reached **** piety under Trog
  4989 | D:5      | Noticed Blork the orc
  4998 | D:5      | Killed Blork the orc
  5184 | D:5      | Noticed kae's ghost (novice OpCj)
  5230 | D:5      | Found a runed translucent door.
  5348 | D:5      | Killed kae's ghost
  5348 | D:5      | Reached skill level 6 in Fighting
  5348 | D:5      | Reached skill level 5 in Armour
  5654 | D:5      | Reached ***** piety under Trog
  5892 | D:5      | Found a glowing silver altar of Zin.
  6204 | D:6      | You fall into a shaft and drop 3 floors!
  6205 | D:9      | Noticed a catoblepas
  6916 | D:6      | Gained mutation: You are mostly covered in rugged brown
                  | scales. (AC +2, +5% HP) [demonic ancestry]
  6916 | D:6      | Reached XP level 9. HP: 53/74 MP: 7/9
  7491 | D:7      | Reached skill level 5 in Evocations
  7626 | D:7      | Found Coen's Magic Scroll Boutique.
  7629 | D:7      | Bought a scroll of teleportation for 42 gold pieces
  7629 | D:7      | Bought a scroll of blinking for 105 gold pieces
  7919 | D:7      | Reached skill level 7 in Fighting
  8631 | D:8      | Received a gift from Trog
  8992 | D:8      | Found a shimmering altar of Xom.
  9439 | D:9      | Killed a catoblepas
  9439 | D:9      | Reached skill level 8 in Fighting
  9439 | D:9      | Reached XP level 10. HP: 84/84 MP: 2/10
 10001 | D:9      | Noticed a cyclops
 10020 | D:9      | Killed a cyclops
 10083 | D:9      | Identified the +2 ring mail "Himoed" {MR+ Int+2 Dex+3}
 10425 | D:9      | Found a sacrificial altar of Ru.
 10833 | D:9      | Found a shadowy altar of Dithmenos.
 11248 | D:9      | Reached skill level 9 in Fighting
 11324 | D:9      | Found a staircase to the Lair.
 11703 | Lair:1   | Entered Level 1 of the Lair of Beasts
 11765 | Lair:1   | Noticed a cane toad
 11774 | Lair:1   | Killed a cane toad
 12369 | Lair:1   | Gained mutation: You have a pair of small antennae on your
                  | head. [potion of mutation]
 12369 | Lair:1   | Gained mutation: You expend magic power (3 MP) to
                  | strengthen your wands. [potion of mutation]
 12370 | Lair:1   | Lost mutation: You expend magic power (3 MP) to strengthen
                  | your wands. [potion of mutation]
 12370 | Lair:1   | Lost mutation: You have a pair of small antennae on your
                  | head. [potion of mutation]
 12370 | Lair:1   | Gained mutation: You are somewhat resistant to further
                  | mutation. [potion of mutation]
 12906 | Lair:2   | Gained mutation: You sometimes gain a little power by
                  | taking damage. [demonic ancestry]
 12906 | Lair:2   | Reached XP level 11. HP: 92/93 MP: 3/11
 13268 | Lair:2   | Reached skill level 10 in Fighting
 14063 | Lair:2   | Found a staircase to the Shoals.
 15583 | Lair:3   | Noticed a six-headed hydra
 15587 | Lair:3   | Killed a six-headed hydra
 15587 | Lair:3   | Reached skill level 10 in Long Blades
 15868 | Lair:3   | Noticed a death yak
 15868 | Lair:3   | Noticed a death yak
 15869 | Lair:3   | Noticed a death yak
 15881 | Lair:3   | Killed a death yak
 15881 | Lair:3   | Reached skill level 11 in Fighting
 15881 | Lair:3   | Gained mutation: You regenerate magic rapidly. [demonic
                  | ancestry]
 15881 | Lair:3   | Reached XP level 12. HP: 105/105 MP: 4/12
 15889 | Lair:3   | Killed a death yak
 15889 | Lair:3   | Reached skill level 10 in Armour
 15898 | Lair:3   | Killed a death yak
 17745 | Lair:3   | Noticed Nergalle
 17758 | Lair:3   | Killed Nergalle
 18103 | Lair:4   | Noticed Josephine
 18505 | Lair:4   | Reached skill level 12 in Fighting
 18672 | Lair:4   | Noticed a four-headed hydra
 18686 | Lair:4   | Killed a ten-headed hydra
 18686 | Lair:4   | Reached skill level 5 in Dodging
 18702 | Lair:4   | Noticed Kirke
 18703 | Lair:4   | Found a staircase to the Swamp.
 19059 | Lair:4   | Killed Kirke
 19059 | Lair:4   | Reached XP level 13. HP: 113/113 MP: 4/13
 20128 | Lair:4   | Killed Josephine
 21035 | Lair:5   | Found a staircase to the Slime Pits.
 21064 | Lair:5   | Found a frozen archway.
 21083 | Lair:5   | HP: 2/114 [catoblepas (11)]
 21085 | Lair:5   | Slain by an ice devil

Illustrated notes

Levels and vault maps discovered:
D:1:      heliophobic_arrival_glass_houses, layout_basic, serial_bayou_ford_a
D:2:      layout_loops_ring, minmay_nonomino_d4, uniq_jessica, uniq_natasha,
          uniq_robin
D:3:      layout_basic, ebering_ghost_inner_flame
D:4:      layout_rooms, gammafunk_temple_of_torment,
          minmay_temple_entry_enclosed_plants, minmay_mini_ossuary, uniq_grinder
D:5:      layout_layer_cave, zin_treasury, cheibrodos_sewer_entry_drain,
          hellmonk_ghost_happy_afterlife, kennysheep_pointless_box,
          uniq_blork_the_orc
D:6:      layout_gridville
D:7:      layout_gridville, serial_shops, shop
D:8:      layout_basic, overflow_temple_1_default
D:9:      layout_long_grid, grunt_temple_overflow_open, erik_lair_dragon,
          minmay_fractal_squares_gapless_5
Lair:1:   layout_regular_city, serial_bayou_crossing
Lair:2:   layout_regular_city, minmay_shoals_entry_centaurs
Lair:3:   layout_roguey, uniq_nergalle
Lair:4:   layout_long_grid, skrybe_swamp_entry_bodies, grunt_megastairs_4,
          minmay_lair_oklob_chamber, uniq_kirke, uniq_josephine
Lair:5:   pond_and_an_island_with_a_cottage, layout_layer_cave,
          nicolae_slime_entry_slimehenge, portal_ice_cave_demonic_guard

Skill      XL: |  1  2  3  4  5  6  7  8  9 10 11 12 13 |
---------------+----------------------------------------+-----
Armour         | 2 3 4 5 7 8 9 10 | 10.4
Dodging        | 2 3 5 |  5.8
Long Blades    | 3 4 5 6 7 8 10 11 | 11.5
Fighting       | 4 5 6 8 9 11 12 | 12.4
Evocations     | 1 3 4 6 7 8 |  8.1

Action                   |  1- 3 |  4- 6 |  7- 9 | 10-12 | 13-15 || total
-------------------------+-------+-------+-------+-------+-------++-------
Melee: Falchion          |    12 |       |       |       |       ||    12
       Short sword       |    80 |   188 |       |       |       ||   268
       Kick              |       |    22 |   153 |   323 |    44 ||   542
       Scimitar          |       |    11 |   372 |       |       ||   383
       Long sword        |       |       |    58 |   643 |    93 ||   794
Invok: Berserk           |     1 |     6 |     6 |    21 |     4 ||    38
       Brothers in Arms  |       |       |     1 |       |       ||     1
Evoke: Wand              |       |       |       |    17 |    11 ||    28
       Tin of tremorston |       |       |       |     2 |       ||     2
  Use: Scroll            |       |     4 |     6 |     9 |     2 ||    21
       Potion            |       |       |     1 |     8 |       ||     9
 Stab: Invisible         |       |       |       |     2 |       ||     2
       Paralysed         |       |       |       |    12 |       ||    12
Armor: Animal skin       |    10 |       |       |       |       ||    10
       Plate armour      |    26 |   129 |   362 |    87 |       ||   604
       Ring mail         |       |       |       |   283 |    35 ||   318
Dodge: Dodged            |    36 |    65 |   196 |   421 |    54 ||   772
       Rpst.: Falchion   |     1 |       |       |       |       ||     1
       Scimitar          |       |     5 |    56 |       |       ||    61
       Long sword        |       |       |     3 |   120 |    16 ||   139

Table legend: (Time is in decaauts)
 A = Elapsed time spent in this place.
 B = Non-inter-level travel time spent in this place.
 C = Inter-level travel time spent in this place.
 D = Time resting spent in this place.
 E = Time spent auto-exploring this place.
 F = Levels seen in this place.
 G = Mean time per level.
                   A        B        C        D        E       F      G
               +--------+--------+--------+--------+--------+-----+--------+
         Total |  21537 |  21122 |    415 |   8310 |   9674 |  15 | 1435.8 |
       Dungeon |  11447 |  11073 |    374 |   2922 |   6313 |   9 | 1271.9 |
          Lair |   9518 |   9478 |     40 |   5368 |   2975 |   5 | 1903.6 |
         Sewer |    572 |    572 |      0 |     19 |    385 |   1 |  572.0 |
               +--------+--------+--------+--------+--------+-----+--------+

Top non-repeatable levels by time:
  Lair:3: 3314 daAuts
  Lair:4: 2581 daAuts
     D:9: 2368 daAuts
  Lair:1: 2228 daAuts
     D:2: 1500 daAuts
     D:5: 1475 daAuts
     D:7: 1403 daAuts
  Lair:2: 1303 daAuts
     D:3: 1272 daAuts
     D:6: 1007 daAuts
     D:1: 921 daAuts
     D:8: 842 daAuts
     D:4: 657 daAuts
   Sewer: 572 daAuts
  Lair:5: 89 daAuts
